AoeStats
← HOT WINGS

Pilgrims

508474636Analyzed
3v3 RM · 10d ago on Sep 22, 2026· 29m 47s· 6 players
Game mode
Random Map
Map size
Normal (6 player)
Population
200
Speed
Normal
Resources
Standard
Victory
Conquest
Starting age
Dark Age
Ending age
Imperial Age
RankedLock teamsTeams togetherTeam positionsShared explorationLock speedFull tech treeHidden civsTurbo modeCheats
Victory
Defeat
🇵🇱 Malay · Poland
1008
+14
🇬🇧 Wu · United Kingdom
978
+15
🇲🇽 Varangians · Mexico
948
+17
🇳🇴 Varangians · Norway
972
-16
🇳🇴 Spanish · Norway
963
-15
🇳🇴 Chinese · Norway
949
-15
Johnee
11:55 Feudal Age
16:36 Castle Age
15:58 Double-Bit Axe
15:56 Horse Collar
20:30 Pikeman
21:37 Loom
Oshi
11:08 Loom
13:31 Feudal Age
15:08 Double-Bit Axe
15:27 Fishing Lines
17:16 Forging
17:10 Scale Mail Armor
19:23 Castle Age
19:15 Wheelbarrow
21:07 Iron Casting
20:48 Chain Mail Armor
21:43 Medium Warships
21:48 Pikeman
22:24 Town Watch
Killingmo
5:47 Loom
14:11 Feudal Age
16:44 Double-Bit Axe
20:00 Castle Age
18:59 Horse Collar
19:14 Gold Mining
19:17 Stone Mining
19:43 Fletching
22:21 Forging
23:04 Bow Saw
28:09 Gold Shaft Mining
HOT WINGS
8:32 Loom
10:17 Feudal Age
19:58 Fletching
20:10 Padded Archer Armor
20:12 Double-Bit Axe
23:51 Castle Age
23:44 Gold Mining
26:06 Bodkin Arrow
27:02 Leather Archer Armor
27:42 Ballistics
handelson.marcin
12:35 Feudal Age
12:16 Double-Bit Axe
12:13 Fishing Lines
17:59 Castle Age
16:12 Gold Mining
16:47 Forging
16:42 Scale Barding Armor
18:03 Gillnets
20:28 Iron Casting
20:18 Husbandry
26:22 Bow Saw
LeonGamer7u7
9:31 Loom
12:57 Feudal Age
13:29 Fishing Lines
13:37 Double-Bit Axe
13:45 Gold Mining
14:47 Wheelbarrow
Connection lost

Rejoining the realm…

Still unreachable

The connection could not be restored.

Session expired

The server has moved on; the page needs a fresh start.